 Dungeon Crawl Stone Soup version 0.26.1-11-gd32895ea62 (webtiles) character file.

Game seed: 9858906421188609646

6344 H0rd4k the Martial Artist (level 10, -24/63 HPs)
             Began as an Octopode Transmuter on June 16, 2021.
             Was an Initiate of Gozag.
             Hit by a large rock thrown by a cyclops (53 damage)
             ... on level 12 of the Dungeon.
             The game lasted 00:17:33 (11030 turns).

H0rd4k the Martial Artist (Octopode Transmuter)    Turns: 11030, Time: 00:17:33

Health: -24/63     AC:  1    Str: 10    XL:     10   Next: 96%
Magic:  14/19      EV: 16    Int: 25    God:    Gozag
Gold:   1153       SH:  0    Dex: 12    Spells: 13/22 levels left

rFire    . . .     SeeInvis .     - Unarmed
rCold    . . .     Faith    .   (shield currently unavailable)
rNeg     + . .     Spirit   .   (helmet restricted)
rPois    .         Reflect  .   i - amulet of regeneration
rElec    .         Harm     .   u - ring of Qishaum {rN+ Stlth+}
rCorr    .         Rampage  .   x - +6 ring of intelligence
Will     .....                  y - ring of stealth
Stlth    +++++.....             (no ring)
HPRegen  0.60/turn              (no ring)
MPRegen  0.16/turn              (no ring)
                                (no ring)
                                (no ring)

@: blade tentacles, gold aura
A: almost no armour, stealthy swim, amphibious, 8 rings, constrict 8, camouflage
1, gelatinous body 1
a: End Transformation, Renounce Religion, Potion Petition, Call Merchant, Bribe
Branch


You were on level 12 of the Dungeon.
You worshipped Gozag.
Gozag was most pleased with you.
You had blades for tentacles.
You visited 2 branches of the dungeon, and saw 12 of its levels.
You also visited: Ossuary.

You collected 1276 gold pieces.
You paid 123 gold pieces to Gozag.

Inventory:

Missiles
 h - 37 poisoned darts
Magical Staves
 k - an uncursed staff of conjuration
 l - an uncursed staff of air
 w - an uncursed staff of fire
Jewellery
 i - an amulet of regeneration (around mantle)
 u - the ring of Qishaum (left scythe-like blade) {rN+ Stlth+}
   (You found it on level 7 of the Dungeon)

   [ring of positive energy]

   It protects you from negative energy.
   It makes you more stealthy.
 x - a +6 ring of intelligence (right scythe-like blade)
 y - a ring of stealth (on tentacle)
Wands
 f - a wand of random effects (31)
 s - a wand of acid (5)
 v - a wand of digging (7)
 D - a wand of flame (16)
 E - a wand of enslavement (10)
Scrolls
 a - 2 scrolls of amnesia
 c - 2 scrolls of identify
 d - a scroll of enchant weapon
 m - 3 scrolls of enchant armour
 p - 6 scrolls of teleportation
 q - 7 scrolls of remove curse
 r - a scroll of fog
 z - a scroll of blinking
 B - a scroll of magic mapping
Potions
 b - 4 potions of might
 e - 8 potions of curing
 g - 2 potions of magic
 n - 2 potions of haste
 t - a potion of resistance


   Skills:
 * Level 3.7 Fighting
 + Level 6.1 Dodging
 + Level 2.2 Stealth
 + Level 10.9 Unarmed Combat
 + Level 6.5 Spellcasting
 + Level 6.6 Transmutations
 + Level 4.1 Poison Magic


You had 13 spell levels left.
You knew the following spells:

 Your Spells              Type           Power        Failure   Level
a - Beastly Appendage     Tmut           82%          12%         1
b - Spider Form           Tmut/Pois      17%          22%         3
c - Blade Hands           Tmut           20%          52%         5

Your spell library contained the following spells:

 Spells                   Type           Power        Failure   Level
 Wereblood                Tmut           41%          13%         2
 Ice Form                 Ice/Tmut       24%          61%         4
 Summon Lightning Spire   Summ/Air       8%           90%         4
 Silence                  Hex/Air        4%           99%         5
 Conjure Ball Lightning   Conj/Air       4%           100%        6
 Tornado                  Air            4%           100%        9


Dungeon Overview and Level Annotations

Branches:
Dungeon (12/15)            Temple (1/1) D:6            Lair (0/6) D:8
Ossuary (visited)
    Orc: D:9-12

Altars:
Ashenzari
Cheibriados
Dithmenos
Elyvilon
Fedhas
Gozag
Hepliaklqana
Kikubaaqudgha
Makhleb
Nemelex Xobeh
Okawaru
Qazlal
Ru
Sif Muna
Trog
Uskayaw
Vehumet
Wu Jian
Xom
Yredelemnul
The Shining One

Shops:
D:5 *

Portals:
Abyss: D:4

Annotations:
D:3 1 runed translucent door, exclusion: door, Gerhazo's ghost, weakling DrCj
D:4 1 transporter, Descartes's ghost, amateur FoAK
D:7 Maggie
D:8 2 transporters


Innate Abilities, Weirdness & Mutations

You cannot wear most types of armour.
You are very stealthy in the water. (Stealth+)
You are amphibious.
You can wear up to eight rings at the same time.
You can use your tentacles to constrict eight enemies at once.
Your skin changes colour to match your surroundings (Stealth+).
Your rubbery body absorbs attacks. (AC +1, EV +1)


Message History

Casting: Spider Form (dangerous; 2% risk of failure)
Confirm with . or Enter, or press ? or * to list all spells.
The spell is quite dangerous to cast (13% risk of failure)!
Continue anyway?
Your tentacles turn into razor-sharp scythe blades.
The wolf spider zombie hits you. The wolf spider zombie bites you.
You hit the wolf spider zombie. You grab the wolf spider zombie.
The wolf spider zombie is severely damaged.
You constrict the wolf spider zombie.
The wolf spider zombie closely misses you.
The wolf spider zombie bites you.
You slice the wolf spider zombie!! You squeeze the wolf spider zombie.
The wolf spider zombie is almost destroyed.
You constrict the wolf spider zombie. The wolf spider zombie hits you!
The wolf spider zombie bites you!
You slice the wolf spider zombie!!
You destroy the wolf spider zombie!
The cyclops throws a large rock.
The large rock hits you!!!
Ouch! That really hurt!
You die...
Your body crumbles into a pile of gold.

...#### #.#.###..'.....+
.### #.#.# ####.....# .#
#.###.#.# #.....# .#
#.......# ####+## ##
######'## ##...# #
##..### #####.### #..##
#####........
##'######.@$....C....
..##......#..###........
#..'......'.## #........
####......### #........
#......# #........
#......# #........
######## #........
#........


You could see a cyclops.

Vanquished Creatures
  An unseen horror (D:12)
  A wolf spider zombie (D:12)
  Prince Ribbit (D:7)
  5 yaks
  A wyvern (D:12)
  Eustachio (D:6)
  An acid dragon (D:12)
  3 water moccasins (D:8)
  Duvessa (D:5)
  3 orc warriors
  A sky beast (D:8)
  3 black bears (D:8)
  5 ogres
  2 centaurs
  A big kobold (D:7)
  An elf zombie (Ossuary)
  7 bullfrogs
  Dowan (D:5)
  2 scorpions (D:7)
  4 wights (D:8)
  3 howler monkeys
  A crimson imp (D:3)
  3 bullfrog zombies
  3 centaur zombies
  A gnoll shaman (D:6)
  5 orc priests
  4 hounds
  2 human zombies (Ossuary)
  10 orc wizards
  3 bullfrog skeletons
  Natasha (twice) (D:3)
  An iguana (D:6)
  8 worker ants
  A big kobold zombie (Ossuary)
  2 hound zombies (Ossuary)
  A hound skeleton (D:4)
  3 mummies (Ossuary)
  2 howler monkey zombies
  A worker ant zombie (D:8)
  11 gnolls
  10 adders
  3 shadow imps
  3 white imps
  An ufetubus (D:8)
  An ooze (D:5)
  5 adder zombies
  2 adder skeletons
  A worm (D:3)
  2 dart slugs
  3 leopard geckos
  36 orcs
  11 bats
  10 giant cockroaches
  A gnoll zombie (Ossuary)
  7 goblins
  10 hobgoblins
  9 jackals
  22 kobolds
  5 quokkas
  5 frilled lizards
  3 goblin zombies (Ossuary)
  A hobgoblin zombie (Ossuary)
  5 jackal zombies (Ossuary)
  6 kobold zombies (Ossuary)
  2 orc zombies (Ossuary)
  A quokka skeleton (D:4)
  3 quokka zombies
  6 rats
  4 rat zombies (Ossuary)
  A spectral orc (D:5)
291 creatures vanquished.

Vanquished Creatures (others)
  48 fungi (D:8)
  43 plants (D:8)
  2 withered plants (D:3)
93 creatures vanquished.

Grand Total: 384 creatures vanquished

Notes
Turn   | Place    | Note
-------+----------+-------------------------------------------
     0 | D:1      | H0rd4k the Octopode Transmuter began the quest for the Orb.
     0 | D:1      | Reached XP level 1. HP: 13/13 MP: 3/3
    20 | D:1      | Reached XP level 2. HP: 12/18 MP: 5/5
   652 | D:1      | Reached XP level 3. HP: 14/23 MP: 6/6
   656 | D:1      | Learned a level 3 spell: Spider Form
  2030 | D:2      | Reached XP level 4. HP: 18/28 MP: 8/8
  2755 | D:2      | Reached skill level 1 in Poison Magic
  3162 | D:3      | Reached skill level 4 in Unarmed Combat
  3162 | D:3      | Reached XP level 5. HP: 30/33 MP: 6/9
  3554 | D:3      | Found a runed translucent door.
  3554 | D:3      | Noticed Gerhazo's ghost (weakling DrCj)
  3594 | D:3      | Noticed Natasha
  3614 | D:3      | Killed Natasha
  3615 | D:3      | Reached XP level 6. HP: 38/38 MP: 8/10
  3631 | D:3      | Noticed Natasha
  3637 | D:3      | Killed Natasha
  3720 | D:3      | Found a shimmering altar of Xom.
  3720 | D:3      | Found a burning altar of Makhleb.
  3725 | D:3      | Paralysed by a crimson imp for 4 turns
  4311 | D:4      | Reached skill level 5 in Unarmed Combat
  4495 | D:4      | Found a transporter.
  4501 | D:4      | Noticed Descartes's ghost (amateur FoAK)
  4738 | D:4      | Found a one-way gate to the infinite horrors of the Abyss.
  4805 | D:5      | Entered Level 5 of the Dungeon
  4823 | D:5      | Found Heahiq's Assorted Antiques.
  4930 | D:5      | Reached XP level 7. HP: 25/44 MP: 9/12
  5086 | D:5      | Found a shimmering blue altar of Sif Muna.
  5355 | D:5      | Reached skill level 6 in Unarmed Combat
  5395 | D:5      | Found a basalt altar of Yredelemnul.
  5494 | D:5      | Noticed Duvessa
  5495 | D:5      | Noticed Dowan
  5509 | D:5      | Killed Duvessa
  5510 | D:5      | Reached XP level 8. HP: 18/50 MP: 7/13
  5513 | D:5      | Killed Dowan
  6032 | D:6      | Found a staircase to the Ecumenical Temple.
  6049 | Temple   | Entered the Ecumenical Temple
  6303 | D:6      | Noticed Eustachio
  6360 | D:6      | Killed Eustachio
  6361 | D:6      | Reached skill level 7 in Unarmed Combat
  6579 | D:6      | Noticed a yak
  6579 | D:6      | Noticed a yak
  6583 | D:6      | Noticed a yak
  6585 | D:6      | Noticed a yak
  6597 | D:6      | Killed a yak
  6598 | D:6      | Reached XP level 9. HP: 55/55 MP: 10/16
  6612 | D:6      | Reached skill level 5 in Transmutations
  6628 | D:6      | Reached skill level 5 in Spellcasting
  6655 | D:6      | Reached skill level 8 in Unarmed Combat
  7434 | D:6      | Learned a level 5 spell: Blade Hands
  7492 | D:7      | Noticed Maggie
  7723 | D:7      | Got a crude platinum ring
  7735 | D:7      | Identified the ring of Qishaum {rN+ Stlth+} (You found it
                  | on level 7 of the Dungeon)
  7741 | D:7      | Reached skill level 5 in Dodging
  7800 | D:7      | Found an opulent altar of Gozag.
  7925 | D:7      | Became a worshipper of Gozag Ym Sagoz the Greedy
  8245 | D:7      | Noticed Prince Ribbit
  8257 | D:7      | Killed Prince Ribbit
  8878 | D:8      | Reached skill level 9 in Unarmed Combat
  8911 | D:8      | Found a snail-covered altar of Cheibriados.
  9094 | D:8      | Found a hazy altar of Hepliaklqana.
  9219 | D:8      | Reached XP level 10. HP: 50/63 MP: 15/18
  9383 | D:8      | Found a sand-covered staircase.
  9395 | Ossuary  | Entered an ossuary
 10040 | D:8      | Reached skill level 10 in Unarmed Combat
 10071 | D:8      | Found a radiant altar of Vehumet.
 10115 | D:8      | Found a transporter.
 10188 | D:8      | Found a transporter.
 10296 | D:8      | Found a staircase to the Lair.
 10418 | D:9      | You fall into a shaft and drop 3 floors!
 10439 | D:12     | Noticed a cyclops
 10508 | D:12     | HP: 3/63 [something (6)]
 10525 | D:12     | Killed an unseen horror
 10526 | D:12     | Reached skill level 1 in Stealth
 10950 | D:12     | Noticed a manticore
 11030 | D:12     | Hit by a large rock thrown by a cyclops

Illustrated notes

Levels and vault maps discovered:
D:1:      elethiomel_arrival_shortcut, layout_loops_ring,
          kennysheep_small_spiral, item_on_display_a
D:2:      layout_basic, minmay_pentomino_t4
D:3:      layout_loops_cross, grunt_temple_overflow_champion_of_chaos,
          gammafunk_ghost_grave, uniq_natasha
D:4:      layout_cave_pools, gammafunk_ghost_abyssal_escape,
          columned_hall_lemuel
D:5:      layout_basic, yredelemnul_forgotten_temple_becter, lemuel_round_altar,
          serial_shops, kennysheep_mini_moat, uniq_duvessa
D:6:      layout_basic, minmay_temple_entry_glassed_door, grunt_ministairs_14,
          minmay_misc_feat_iff, uniq_eustachio
D:7:      layout_loops_corners, nicolae_gozag_seed_capital, uniq_maggie,
          uniq_prince_ribbit1
D:8:      gammafunk_steamed_eel, layout_gridville, nzn_hepliaklqana_mist_gate,
          vehumet_altar_wand_db, lemuel_crystal_altar,
          due_lair_maze_entry_diamond, enter_ossuary_3
D:9:      layout_basic, zin_scriptorium, uniq_pikel
D:11:     layout_loops_ring
D:12:     layout_roguey
Temple:   nicolae_temple_figure_eight

Skill      XL: |  1  2  3  4  5  6  7  8  9 10 |
---------------+-------------------------------+-----
Poison Magic   | 1 2 3 4 |  4.1
Unarmed Combat | 4 5 6 7 9 10 | 10.9
Spellcasting   | 3 4 5 6 |  6.5
Transmutations | 3 4 6 |  6.6
Dodging        | 3 4 5 6 |  6.1
Fighting       | 2 3 |  3.7
Stealth        | 2 |  2.2

Action                   |  1- 3 |  4- 6 |  7- 9 | 10-12 || total
-------------------------+-------+-------+-------+-------++-------
Melee: Unarmed           |    82 |   222 |   344 |   263 ||   911
       Constrict         |    19 |    41 |    22 |    36 ||   118
       Tentacles         |    12 |    23 |    23 |    43 ||   101
       Punch             |     2 |     3 |    11 |    12 ||    28
 Cast: Spider Form       |       |     6 |    27 |    11 ||    44
       Blade Hands       |       |       |       |     1 ||     1
Evoke: Wand              |       |       |       |     3 ||     3
  Use: Scroll            |       |       |     4 |    11 ||    15
       Potion            |       |       |     2 |     1 ||     3
 Stab: Sleeping          |     2 |     5 |     2 |     9 ||    18
       Distracted        |       |       |     1 |     3 ||     4
Armor: Skin              |     5 |    14 |    15 |    10 ||    44
Dodge: Dodged            |    45 |   152 |   296 |   180 ||   673
